 Dungeon Crawl Stone Soup version 0.30-a0-23-ge60ba3568b (webtiles) character file.

Game seed: 3500073995230086366

111 purpskrrrp the Grave Robber (level 4, -4/30 HPs)
             Began as a Mummy Necromancer on Aug 26, 2022.
             Slain by an ogre
             ... wielding a +0 giant club
              (6 damage)
             ... on level 4 of the Dungeon.
             The game lasted 00:10:49 (3414 turns).

purpskrrrp the Grave Robber (Mummy Necromancer)     Turns: 3414, Time: 00:10:51

Health: -4/30      AC:  3    Str: 11    XL:     4   Next: 62%
Magic:  3/9        EV: 12    Int: 16    God:
Gold:   111        SH:  0    Dex: 12    Spells: 7/9 levels left

rFire   x . .      SeeInvis .    f - +2 dagger (venom)
rCold   + . .      Faith    .    (no shield)
rNeg    + + +      Spirit   .    a - +0 robe
rPois   ∞          Reflect  .    (no helmet)
rElec   .          Harm     .    (no cloak)
rCorr   .          Rampage  .    (no gloves)
Will    .....                    e - +0 pair of boots
Stlth   ++........               (no amulet)
HPRegen 0.10/turn                (no ring)
MPRegen 0.11/turn                (no ring)

@: studying Necromancy
A: cold resistance 1, negative energy resistance 3, torment resistance 2, heat
vulnerability 1, in touch with death 1, no potions
a: no special abilities


You were on level 4 of the Dungeon.
You visited 1 branch of the dungeon, and saw 4 of its levels.

You collected 111 gold pieces.

Inventory:

Hand Weapons
 c - a +0 falchion
 d - a +3 short sword
 f - a +2 dagger of venom (weapon)
Armour
 a - a +0 robe (worn)
 e - a +0 pair of boots (worn)
Jewellery
 i - a +6 ring of dexterity
Scrolls
 b - a scroll of teleportation
 g - a scroll of vulnerability
 h - 2 scrolls of fear {unknown}
 j - a scroll of identify
 k - a scroll of brand weapon {unknown}
 l - a scroll of blinking


   Skills:
 + Level 2.1 Dodging
 * Level 2.8 Stealth
 + Level 3.4 Spellcasting
 * Level 5.2 Necromancy


You had 7 spell levels left.
You knew the following spells:

 Your Spells              Type           Power      Damage    Failure   Level
a - Necrotise             Necr           100%       1d9       1%          1
b - Freeze                Ice            8%         1d3       19%         1

Your spell library contained the following spells:

 Spells                   Type           Power      Damage    Failure   Level
 Vampiric Draining        Necr           29%        2d8       6%          3
 Animate Dead             Necr           29%        N/A       21%         4
 Frozen Ramparts          Ice            4%         1d1       47%         3
 Gell's Gravitas          Tloc           2%         N/A       47%         3
 Teleport Other           Tloc           2%         N/A       47%         3
 Agony                    Necr           29%        N/A       50%         5
 Hailstorm                Conj/Ice       2%         3d3       87%         4
 Summon Ice Beast         Ice/Summ       2%         N/A       87%         4
 Summon Mana Viper        Hex/Summ       2%         N/A       99%         5
 Dispersal                Tloc           1%         N/A       100%        6
 Monstrous Menagerie      Summ           1%         N/A       100%        7


Dungeon Overview and Level Annotations

Branches:
Dungeon (4/15)
 Temple: D:4-7

Altars:

Shops:
D:2 (


Innate Abilities, Weirdness & Mutations

You are immune to poison.
Your flesh is cold resistant. (rC+)
You are immune to negative energy. (rN+++)
You are immune to unholy pain and torment.
You are vulnerable to heat. (rF-)
You are in touch with the powers of death.
You do not drink.


Message History

Your jackal skeleton bites the worm.
You hit the worm.
The worm is poisoned.
The worm is almost dead.
Your jackal skeleton bites the worm but does no damage.
The worm closely misses you.
Your jackal skeleton bites the worm.
Your ball python skeleton bites the worm.
The worm dies!
Your ball python skeleton crumbles into dust!
Your jackal skeleton crumbles into dust!
Your jackal skeleton crumbles into dust!
Magic restored.
Found a stone staircase leading down.
Found a stone staircase leading up.
l - a scroll of blinking An ogre comes into view.
It is wielding a +0 giant club.
The ogre shouts!
You feel a surge of power!
The ogre barely resists.
You feel a surge of power!
The ogre writhes in agony.
You hit the ogre.
The ogre is moderately wounded.
The ogre hits you with a +0 giant club.
You feel a surge of power!
The ogre writhes in agony.
You hit the ogre.
The ogre is poisoned.
The ogre is moderately wounded.
The ogre barely misses you.
You feel a surge of power!
The ogre writhes in agony.
The ogre hits you with a +0 giant club!!
Ouch! That really hurt!
* * * LOW HITPOINT WARNING * * *
You are too injured to fight recklessly!
Aiming: Necrotise (safe; 1% risk of failure)
Press: ? - help, Q - select action, (/) - cycle Shift-Dir - straight line, f/p - ogre
Aim: an ogre, wielding a +0 giant club (heavily wounded, very poisoned, chance to affect: 83%)
You feel a surge of power!
The ogre writhes in agony!
Aiming: Necrotise (safe; 1% risk of failure)
Press: ? - help, Q - select action, (/) - cycle Shift-Dir - straight line, f/p - ogre
Aim: an ogre, wielding a +0 giant club (almost dead, very poisoned, chance to affect: 83%)
You feel a surge of power!
The ogre barely resists.
The ogre hits you with a +0 giant club.
You die...

## ..#########
..........# ....... ..#
....... ..# .#..... #.#
......O##.#
.......@#.##########
..................<#
............>####..#
........####.####..#
........#..........#
........#........#.#
.....##.#........###.###
..... ..................
... ............###.###


You could see an ogre (very poisoned).

Vanquished Creatures
  3 adders
  A worm (D:2)
  A dart slug (D:1)
  4 orcs
  3 ball pythons
  6 bats
  An endoplasm (D:2)
  A giant cockroach (D:3)
  4 goblins
  9 hobgoblins
  7 jackals
  10 kobolds
  3 quokkas
  3 frilled lizards
  7 rats
63 creatures vanquished.

Vanquished Creatures (collateral kills)
  A worm (D:4)
  A jackal (D:4)
  A kobold (D:3)
  A ball python (D:1)
4 creatures vanquished.

Vanquished Creatures (others)
  12 plants (D:3)
12 creatures vanquished.

Grand Total: 79 creatures vanquished

Notes
Turn   | Place    | Note
-------+----------+-------------------------------------------
     0 | D:1      | purpskrrrp the Mummy Necromancer began the quest for the
                  | Orb.
     0 | D:1      | Reached XP level 1. HP: 13/13 MP: 4/4
   246 | D:1      | Reached XP level 2. HP: 4/19 MP: 0/5
   742 | D:1      | Learned a level 1 spell: Freeze
  1078 | D:1      | Identified a scroll of acquirement
  1078 | D:1      | Acquired a manual of Necromancy
  1467 | D:2      | Gained mutation: You are in touch with the powers of death.
                  | [Mummy growth]
  1467 | D:2      | Reached XP level 3. HP: 24/24 MP: 4/7
  1810 | D:2      | Identified the +9 sling of the Durable God {vorpal, Dex+4}
  2035 | D:2      | Found Rapsotas's Weapon Emporium.
  2455 | D:3      | Reached XP level 4. HP: 30/30 MP: 6/8
  2742 | D:3      | Reached skill level 5 in Necromancy
  2965 | D:3      | Found a faded altar of an unknown god.
  3405 | D:4      | Noticed an ogre
  3414 | D:4      | Slain by an ogre

Illustrated notes

Levels and vault maps discovered:
D:1:      tarquinn_simple_flora_water_b, layout_rooms, minmay_misc_feat_cross
D:2:      layout_loops_corners, serial_shops, nicolae_shop_hallway_plus
D:3:      layout_loops_ring, hellmonk_ecumenical_altar_blasted,
          lexackson_kobold_supper
D:4:      layout_basic, minmay_temple_entry_waves

Skill      XL: |  1  2  3  4 |
---------------+-------------+-----
Stealth        | 2 |  2.8
Spellcasting   | 3 |  3.4
Dodging        | 2 |  2.1
Necromancy     | 5 |  5.2

Action                   |  1- 3 |  4- 6 || total
-------------------------+-------+-------++-------
Melee: Falchion          |    12 |       ||    12
       Dagger            |     6 |    10 ||    16
 Cast: Necrotise         |    74 |    38 ||   112
  Use: Scroll            |     8 |       ||     8
 Stab: Sleeping          |       |     1 ||     1
Armor: Robe              |    10 |       ||    10
Dodge: Dodged            |    18 |    11 ||    29

Table legend: (Time is in decaauts)
 A = Elapsed time spent in this place.
 B = Non-inter-level travel time spent in this place.
 C = Inter-level travel time spent in this place.
 D = Time resting spent in this place.
 E = Time spent auto-exploring this place.
 F = Levels seen in this place.
 G = Mean time per level.
                   A        B        C        D        E       F      G
               +--------+--------+--------+--------+--------+-----+--------+
         Total |   3415 |   3332 |     83 |    469 |   2469 |   4 |  853.8 |
       Dungeon |   3415 |   3332 |     83 |    469 |   2469 |   4 |  853.8 |
               +--------+--------+--------+--------+--------+-----+--------+

Top non-repeatable levels by time:
     D:2: 1182 daAuts
     D:1: 1095 daAuts
     D:3: 947 daAuts
     D:4: 189 daAuts
